 Dungeon Crawl Stone Soup version 0.28.0-53-g5a82cb258f (webtiles) character file.

Game seed: 15574811401017418440

513 buhh the Skirmisher (level 7, -2/50 HPs)
             Began as an Octopode Transmuter on June 18, 2022.
             Slain by a centaur skeleton (3 damage)
             ... on level 7 of the Dungeon.
             The game lasted 00:10:09 (5373 turns).

buhh the Skirmisher (Octopode Transmuter)           Turns: 5373, Time: 00:10:10

Health: -2/50      AC:  1    Str:  9    XL:     7   Next: 19%
Magic:  10/10      EV: 13    Int: 18    God:
Gold:   211        SH:  0    Dex: 12    Spells: 4/10 levels left

rFire   . . .      SeeInvis .     - Unarmed
rCold   + . .      Faith    .   (no shield)
rNeg    . . .      Spirit   .   (helmet currently unavailable)
rPois   .          Reflect  +   g - amulet of reflection
rElec   .          Harm     .   b - ring of protection from cold
rCorr   .          Rampage  .   (no ring)
Will    .....                   (no ring)
Stlth   ++........              (no ring)
HPRegen 0.16/turn               (no ring)
MPRegen 0.12/turn               (no ring)
                                (no ring)
                                (no ring)

@: confused, appendages (expiring), ambrosia-drunk, on berserk cooldown, slowed,
studying Slings, very slow
A: tentacle spike 3, almost no armour, amphibious, 8 rings, camouflage 1,
gelatinous body 1, (nimble swimmer 1), tentacles
a: End Transformation


You were on level 7 of the Dungeon.
One of your tentacles had grown a beastly spike.
You visited 1 branch of the dungeon, and saw 7 of its levels.

You collected 211 gold pieces.

Inventory:

Missiles
 G - 5 javelins
Jewellery
 b - a ring of protection from cold (left tentacle)
 g - an amulet of reflection (around mantle)
Wands
 D - a wand of acid (4)
 F - a wand of iceblast (8)
Scrolls
 a - a scroll of enchant armour {unknown}
 d - a scroll of enchant weapon {unknown}
 e - a scroll of magic mapping {unknown}
 m - a scroll of immolation {unknown}
 n - a scroll of brand weapon {unknown}
 Q - a scroll of fog
Potions
 f - a potion of mutation {unknown}
 i - a potion of might {unknown}
 j - a potion of lignification {unknown}
 k - a potion of curing {unknown}
 l - a potion of brilliance {unknown}
 B - a potion of ambrosia {!q!d}


   Skills:
 - Level 5.0 Fighting
 - Level 2.0 Throwing
 - Level 2.0 Dodging
 - Level 1.0 Stealth
 - Level 3.0 Unarmed Combat
 - Level 2.0 Spellcasting
 * Level 4.7 Transmutations
 - Level 2.0 Poison Magic


You had 4 spell levels left.
You knew the following spells:

 Your Spells              Type           Power      Damage    Failure   Level
a - Beastly Appendage     Tmut           36%        N/A       2%          1
b - Wereblood             Tmut           18%        N/A       3%          2
c - Spider Form           Tmut/Pois      13%        N/A       14%         3

Your spell library contained the following spells:

 Spells                   Type           Power      Damage    Failure   Level
 Ice Form                 Ice/Tmut       10%        N/A       56%         4
 Freezing Cloud           Conj/Ice/Air   0%         6-21      99%         5
 Simulacrum               Ice/Necr       0%         N/A       100%        6
 Polar Vortex             Ice            0%         N/A       100%        9


Dungeon Overview and Level Annotations

Branches:
Dungeon (7/15)
 Temple: D:4-7

Altars:
Nemelex Xobeh
Qazlal
Yredelemnul
The Shining One

Shops:
D:5 (


Innate Abilities, Weirdness & Mutations

One of your tentacles has grown a beastly spike.
You cannot wear most types of armour.
You are amphibious.
You can wear up to eight rings at the same time.
Your skin changes colour to match your surroundings (Stealth+).
Your rubbery body absorbs attacks. (AC +1, EV +1)
((You are camouflaged when in or above water. (Stealth+)))
You have tentacles for arms and can constrict up to eight enemies at once.


Message History

You bludgeon the orc!
You kill the orc!
You closely miss something. Your squeeze misses something.
You block something's attack.
You bludgeon something!
Reactivating autopickup.
You feel a bit more experienced. The orc barely misses you.
You tentacle-slap the orc. Your grab misses the orc.
You pierce the orc.
You kill the orc!
You tentacle-slap the jelly. The acid corrodes you!
Your tentacles burn!
* * * LOW HITPOINT WARNING * * *
You pierce the jelly!
The jelly is severely wounded.
The jelly hits you.
* * * LOW HITPOINT WARNING * * *
You are splashed with acid!
* * * LOW HITPOINT WARNING * * *
You tentacle-slap the jelly.
Your tentacles burn!
* * * LOW HITPOINT WARNING * * *
You squeeze the jelly.
You kill the jelly!
You start resting.
You feel a strong urge to attack something.
A centaur skeleton comes into view.
Found a stone staircase leading down.
You are no longer berserk.
You are exhausted.
You feel yourself slow down.
Items here: )) [ ††.
Your transformation is almost over.
Really quaff
B - 2 potions of ambrosia {!q!d}?
You are confused.
You feel invigorated.
You are no longer corroded.
The centaur skeleton hits you.
* * * LOW HITPOINT WARNING * * *
The centaur skeleton kicks you.
* * * LOW HITPOINT WARNING * * *
The centaur skeleton hits you.
You die...

.......
.......
..>....
.......
......#
###......#
#<)......#
##)#####.#
#....Z@..#
##.#####.#
...# #
#####


You could see a centaur skeleton.

Vanquished Creatures
  A bullfrog (D:6)
  A bullfrog zombie (D:6)
  A hound (D:6)
  An orc priest (D:6)
  A centaur skeleton (D:6)
  A jelly (D:7)
  A bullfrog skeleton (D:6)
  3 orc wizards
  2 iguanas
  6 adders
  2 ufetubi (D:6)
  A worm (D:2)
  13 orcs
  6 ball pythons
  2 endoplasms
  A giant cockroach (D:2)
  5 goblins
  6 hobgoblins
  4 jackals (D:3)
  4 kobolds
  2 quokkas (D:3)
  3 bats
  2 frilled lizards (D:1)
  A rat (D:2)
70 creatures vanquished.

Notes
Turn   | Place    | Note
-------+----------+-------------------------------------------
     0 | D:1      | buhh the Octopode Transmuter began the quest for the Orb.
     0 | D:1      | Reached XP level 1. HP: 13/13 MP: 3/3
   355 | D:1      | Reached XP level 2. HP: 17/19 MP: 5/5
   422 | D:1      | Reached skill level 2 in Fighting
  1495 | D:2      | Reached XP level 3. HP: 25/25 MP: 4/6
  1514 | D:2      | Learned a level 2 spell: Wereblood
  1522 | D:2      | Reached skill level 3 in Fighting
  2216 | D:2      | Reached XP level 4. HP: 31/31 MP: 5/7
  2579 | D:3      | Found a faded altar of an unknown god.
  2724 | D:3      | Found a sparkling altar of Nemelex Xobeh.
  3210 | D:4      | Found a glowing golden altar of the Shining One.
  3301 | D:4      | Reached skill level 4 in Fighting
  3301 | D:4      | Reached XP level 5. HP: 31/37 MP: 6/8
  3472 | D:4      | Found a basalt altar of Yredelemnul.
  3472 | D:4      | Found a stormy altar of Qazlal.
  4232 | D:5      | Entered Level 5 of the Dungeon
  4233 | D:5      | Found Purav's Weapon Shop.
  4275 | D:5      | Noticed a phantom
  4471 | D:6      | Learned a level 3 spell: Spider Form
  4512 | D:6      | Reached skill level 5 in Fighting
  4512 | D:6      | Reached XP level 6. HP: 38/45 MP: 7/9
  4830 | D:6      | Noticed a yak
  4830 | D:6      | Noticed a yak
  4830 | D:6      | Noticed a yak
  5031 | D:6      | Noticed a sky beast
  5032 | D:6      | Noticed a yak
  5032 | D:6      | Noticed an ice beast
  5034 | D:6      | Noticed a yak
  5358 | D:7      | Reached XP level 7. HP: 18/50 MP: 10/10
  5364 | D:7      | HP: 1/75 [acid (3)]
  5373 | D:7      | HP: 1/50 [centaur skeleton (2)]
  5373 | D:7      | Slain by a centaur skeleton

Illustrated notes

Levels and vault maps discovered:
D:1:      evilmike_arrival_rings, layout_basic, amcnicky_mini_pool_small
D:2:      layout_rooms
D:3:      layout_loops_cross, mainiacjoe_overflow_alcove_1,
          shapermc_ecumenical_altar_mp_ritualfount
D:4:      layout_loops_corners, tso_metal_star, grunt_temple_overflow_open
D:5:      layout_cave_pools, kennysheep_slug_shrine, serial_shops, shop,
          abandoned_shop
D:6:      layout_loops_ring, zin_statuary, minmay_temple_entry_hall,
          minmay_manual_mess
D:7:      layout_basic, serial_shops, shop_fountains,
          gammafunk_ghost_stat_death, hangedman_minor_gate_pass, uniq_duvessa

Skill      XL: |  1  2  3  4  5  6 |
---------------+-------------------+-----
Stealth        | 1 |  1.0
Fighting       | 2 3 4 5 |  5.0
Throwing       | 2 |  2.0
Poison Magic   | 2 |  2.0
Transmutations | 4 |  4.7
Dodging        | |  2.0
Unarmed Combat | |  3.0
Spellcasting   | |  2.0

Action                   |  1- 3 |  4- 6 |  7- 9 || total
-------------------------+-------+-------+-------++-------
Melee: Unarmed           |    62 |   104 |     7 ||   173
       Constrict         |    17 |    20 |       ||    37
       Kick              |    14 |    35 |     2 ||    51
       Tentacles         |    10 |    23 |     1 ||    34
       Punch             |       |     4 |       ||     4
Throw: Javelin           |       |    12 |       ||    12
 Cast: Beastly Appendage |    22 |    26 |       ||    48
       Spider Form       |       |     2 |       ||     2
Evoke: Wand              |       |     4 |       ||     4
  Use: Scroll            |     2 |     7 |       ||     9
       Potion            |       |     4 |     1 ||     5
 Stab: Sleeping          |     4 |     3 |       ||     7
       Distracted        |     1 |       |       ||     1
Armor: Skin              |     2 |     9 |       ||    11
Dodge: Dodged            |    26 |    90 |     2 ||   118
Block: Other             |       |    16 |     1 ||    17
